 Dungeon Crawl Stone Soup version 0.15.0-27-gbdb0435 (console) character file.

3947 gw the Basher (level 10, -7/94 HPs)
             Began as a Deep Dwarf Berserker on Sept 12, 2014.
             Was an Elder of Trog.
             Splashed by an oklob sapling's acid (15 damage)
             ... on Level 8 of the Dungeon.
             The game lasted 00:07:31 (7044 turns).

gw the Basher (Deep Dwarf Berserker)                Turns: 7044, Time: 00:07:31

HP  -7/94        AC  4     Str 24      XL: 10   Next:  2%
MP   3/3         EV  7     Int  7      God: Trog [****..]
Gold 0           SH  0     Dex 17      Spells:  0 memorised,  9 levels left

rFire  . . .     SeeInvis .     a - +0 morningstar
rCold  . . .     Clarity  .     q - +0 plate armour
rNeg   . . .     rCorr    .     (no shield)
rPois  .         rRot     .     g - +0 helmet
rElec  .         Spirit   .     (no cloak)
SustAb .         Warding  .     b - +0 pair of gloves
rMut   .         Stasis   .     (no boots)
Gourm  .                        r - amulet of rage
MR     +....                    i - cursed +2 ring of strength
                                h - +3 ring of protection

@: corroded equipment, non-regenerating, somewhat resistant to hostile
enchantments, extremely unstealthy
A: damage resistance, recharge devices, agile 1, sense surroundings 2, slow
healing 3
a: Device Recharging, Burn Spellbooks, Berserk, Trog's Hand, Brothers in Arms,
Renounce Religion, Evoke Berserk Rage


You were on level 8 of the Dungeon.
You worshipped Trog.
Trog was greatly pleased with you.
You were very hungry.

You visited 1 branch of the dungeon, and saw 8 of its levels.
You also visited: Sewer.

Inventory:

Hand weapons
 a - a +0 morningstar (weapon)
Missiles
 o - 24 bolts
Armour
 b - a +0 pair of gloves (worn)
 g - a +0 helmet (worn)
 q - a +0 plate armour (worn)
Magical devices
 c - a wand of heal wounds (1)
Comestibles
 d - 5 bread rations
 f - a slice of pizza
 l - 2 meat rations
 m - 3 beef jerkies
 t - 20 fruits
Scrolls
 e - 3 scrolls of remove curse
 j - 10 scrolls of identify
 k - 2 scrolls of magic mapping
 s - 2 scrolls of blinking
 w - 2 scrolls of teleportation
Jewellery
 h - a +3 ring of protection (left hand)
 i - a cursed +2 ring of strength (right hand)
 r - an amulet of rage (around neck)
Potions
 n - a potion of curing
 p - a potion of flight
Books
 u - a book of Dreams

   Spells                             Type                      Level
   Ensorcelled Hibernation            Hexes/Ice                    2
   Flight                             Charms/Air                   3
   Phase Shift                        Translocation                5
   Shadow Creatures                   Summoning                    5
   Mass Confusion                     Hexes                        6
   Darkness                           Hexes                        7
   Trog disapproves of the use of such an item.


   Skills:
 + Level 7.0 Fighting
 * Level 10.7 Maces & Flails
 + Level 8.1 Armour
 - Level 2.1 Dodging


You had 9 spell levels left.
You didn't know any spells.

Dungeon Overview and Level Annotations

Branches:
Dungeon (8/15)             Temple (0/1) D:5
   Lair: D:8-11

Altars:
Cheibriados
Fedhas
Qazlal
Sif Muna
Trog
Xom
Yredelemnul


Innate Abilities, Weirdness & Mutations

You are resistant to damage.
You can recharge devices by infusing magical energy.
You passively map the area around you.
You do not heal naturally.
You are agile. (Dex +2)


Message History

Press: ? - help, Shift-Dir - straight line, f - you You feel much better.
This wand has 1 charge left.
ATTACK MOVE TO (-1,1)
You hit the oklob sapling but do no damage.
ATTACK MOVE TO (-1,1)
You hit the oklob sapling.
The oklob sapling is moderately damaged.
The oklob sapling spits acid at you. The splash of acid hits you!
The acid burns!
ATTACK MOVE TO (-1,1)
You puncture the oklob sapling!
The oklob sapling is almost destroyed.
ATTACK MOVE TO (-1,1)
You hit the oklob sapling but do no damage.
The oklob sapling is almost destroyed.
The oklob sapling spits acid at you. The splash of acid hits you!
The acid corrodes your equipment!
The acid burns!
The oklob sapling spits acid at you. The splash of acid hits you!
The acid burns!
You die...

#.............#
#.....#
############.##
#.###.# #.# #.#
#.# #.# #.#
#.## #.7
77777..#
#777777777.77.#
77%.P77.7.7.#


7%_%7 7.7.7.# 7.g$777.7.7.# 7P7..7.77.7.# 77777.7.77..# 77.7777## 777 You could
see 2 oklob saplings.

Table legend:
 A = Turns spent in this place as a percentage of turns spent in the entire game.
 B = Non-inter-level travel turns spent in this place as a percentage of non-inter-level travel turns spent in the entire game.
 C = Inter-level travel turns spent in this place as a percentage of turns spent in this place.
 D = Turns resting spent in this place as a percentage of non-inter-level travel turns spent in this place.
 E = Turns spent auto-exploring this place as a percentage of non-inter-level travel turns spent in this place.
 F = Non-inter-level travel turns spent in this place divided by the number of levels of this place that you've seen.
                   A       B       C       D       E      F
               +-------+-------+-------+-------+-------+----------------------
         Total | 100.0 | 100.0 |   1.0 |   0.5 |   9.5 | 455.2
       Dungeon |  89.8 |  89.7 |   1.1 |   0.5 |   9.7 | 459.4
         Sewer |  10.2 |  10.3 |   0.0 |   0.5 |   8.3 | 422.0
               +-------+-------+-------+-------+-------+----------------------

Table legend:
 A = Kills in this place as a percentage of kills in entire the game.
 B = Kills by you in this place as a percentage of kills by you in the entire game.
 C = Kills by friends in this place as a percentage of kills by friends in the entire game.
 D = Other kills in this place as a percentage of other kills in the entire game.
 E = Experience gained in this place as a percentage of experience gained in the entire game.
 F = Experience gained in this place divided by the number of levels of this place that you have seen.
                   A       B       C       D       E      F
               +-------+-------+-------+-------+-------+----------------------
         Total | 100.0 | 100.0 | 100.0 |  -nan | 100.0 | 626.6
       Dungeon |  89.8 |  89.3 | 100.0 |  -nan |  98.3 | 693.0
         Sewer |  10.2 |  10.7 |   0.0 |  -nan |   1.7 |  95.0
               +-------+-------+-------+-------+-------+----------------------

Vanquished Creatures
  Menkaure (D:6)
  5 orc warriors
  An ice beast (D:6)
  3 sky beasts
  4 wandering mushrooms (D:8)
  A slave (D:6)
  5 ogres
  A centaur (D:8)
  Duvessa (D:5)
  A giant frog (D:6)
  Blork the orc (D:4)
  4 scorpions
  2 wights (D:6)
  An electric eel (D:6)
  3 crimson imps
  3 goliath beetles
  A hound (D:7)
  Dowan (D:5)
  3 jellies
  2 orc priests
  A centaur skeleton (D:6)
  2 worker ants (D:7)
  7 orc wizards
  A giant frog skeleton (D:6)
  3 iguanas
  Ijyb (D:5)
  A big kobold skeleton (D:8)
  10 gnolls
  7 adders
  A green rat (D:3)
  5 giant mites
  6 worms
  2 shadow imps
  2 orc zombies
  9 giant geckos
  4 oozes (Sewer)
  25 orcs
  18 bats
  A bat zombie (D:6)
  4 giant cockroaches
  12 goblins
  11 hobgoblins
  11 jackals
  2 quokkas
  3 ball pythons
  A giant gecko skeleton (D:6)
  5 giant newts
  8 kobolds
  A kobold skeleton (D:6)
  An orc skeleton (D:6)
  15 rats
  A rat skeleton (D:6)
225 creatures vanquished.

Vanquished Creatures (collateral kills)
  An ogre (D:6)
  An orc warrior (D:6)
  2 eyes of draining (D:6)
  2 wights (D:6)
  An orc wizard (D:6)
  An orc priest (D:5)
  A goliath beetle (D:6)
  An iguana skeleton (D:6)
  A goblin (D:6)
  A giant newt (D:5)
12 creatures vanquished.

Vanquished Creatures (others)
  An ogre (D:5)
  An adder (D:6)
2 creatures vanquished.

Grand Total: 239 creatures vanquished

Notes
Turn   | Place    | Note
--------------------------------------------------------------
     0 | D:1      | gw, the Deep Dwarf Berserker, began the quest for the Orb.
     0 | D:1      | Reached XP level 1. HP: 20/20 MP: 1/1
   255 | D:1      | Reached XP level 2. HP: 20/27 MP: 2/2
   406 | D:1      | Acquired Trog's second power
   928 | D:2      | Reached XP level 3. HP: 25/34 MP: 3/3
   948 | D:2      | Reached skill level 4 in Maces & Flails
   948 | D:2      | Reached XP level 4. HP: 39/42 MP: 4/4
  1140 | D:2      | Found a shimmering altar of Xom.
  1569 | D:3      | Found a glowing drain.
  1572 | D:3      | Found a deep blue altar of Sif Muna.
  1581 | D:3      | Reached XP level 5. HP: 49/49 MP: 5/5
  1676 | Sewer    | Entered a sewer
  1898 | Sewer    | Reached skill level 5 in Maces & Flails
  2119 | Sewer    | Acquired Trog's third power
  2489 | D:4      | Reached XP level 6. HP: 34/57 MP: 6/6
  2551 | D:4      | Found a stormy altar of Qazlal.
  2595 | D:4      | Noticed Blork the orc
  2605 | D:4      | Killed Blork the orc
  2625 | D:4      | Noticed an ogre
  2634 | D:4      | Killed an ogre
  2636 | D:4      | Reached skill level 6 in Maces & Flails
  2656 | D:4      | Reached XP level 7. HP: 58/64 MP: 7/7
  2831 | D:4      | Received a gift from Trog
  2835 | D:4      | Noticed an ogre
  2843 | D:4      | Killed an ogre
  3089 | D:5      | Entered Level 5 of the Dungeon
  3409 | D:5      | Reached skill level 5 in Armour
  3414 | D:5      | Noticed Duvessa
  3414 | D:5      | Noticed Dowan
  3428 | D:5      | Killed Duvessa
  3428 | D:5      | Reached skill level 7 in Maces & Flails
  3559 | D:5      | Found a basalt altar of Yredelemnul.
  3672 | D:5      | Reached skill level 5 in Fighting
  3672 | D:5      | Reached XP level 8. HP: 37/74 MP: 7/7
  3676 | D:5      | Killed Dowan
  3748 | D:5      | Found a staircase to the Ecumenical Temple.
  3878 | D:5      | Noticed Ijyb
  3896 | D:5      | Killed Ijyb
  4062 | D:5      | Found a snail-covered altar of Cheibriados.
  4508 | D:6      | Noticed Menkaure
  4517 | D:6      | Killed Menkaure
  4517 | D:6      | Reached skill level 8 in Maces & Flails
  4972 | D:6      | Reached skill level 9 in Maces & Flails
  4972 | D:6      | Gained mutation: You passively map the area around you. [level up]
  4972 | D:6      | Reached XP level 9. HP: 29/82 MP: 8/8
  5134 | D:6      | Found a bloodstained altar of Trog.
  5995 | D:7      | Gained mutation: You are agile. (Dex +2) [potion of beneficial mutation]
  6069 | D:8      | Reached skill level 10 in Maces & Flails
  6615 | D:8      | Found a blossoming altar of Fedhas.
  6756 | D:8      | Reached XP level 10. HP: 83/94 MP: 3/3
  7044 | D:8      | Splashed by an oklob sapling's acid

Action                   |  1- 3 |  4- 6 |  7- 9 | 10-12 || total
-------------------------+-------+-------+-------+-------++-------
Melee: Mace              |    81 |    20 |       |       ||   101
       Flail             |       |   256 |   447 |       ||   703
       Morningstar       |       |       |   138 |    18 ||   156
Invok: Trog's Hand       |     2 |     1 |     6 |       ||     9
       Berserk           |       |     1 |     3 |       ||     4
       Brothers in Arms  |       |       |     4 |       ||     4
 Abil: Device Recharging |       |       |     7 |       ||     7
Evoke: Wand              |     2 |     1 |    34 |     1 ||    38
  Use: Scroll            |     5 |     5 |     7 |       ||    17
       Potion            |     1 |     6 |     6 |     1 ||    14
 Stab: Distracted        |       |       |     1 |       ||     1
  Eat: Chunk             |       |     7 |    17 |       ||    24
       Bread ration      |       |       |     1 |       ||     1

Vault maps used:
D:1:      dpeg_arrival_shrine, serial_glass, glass_columns_b, glass_columns_c
D:2:      minivault_24, tgw_xom
D:3:      lemuel_crystal_altar, portal_sewer_entry_a,
          minmay_misc_feat_more_columns
D:4:      kennysheep_mini, first_bread, dk_vineyard_2, minmay_misc_feat_encased,
          uniq_blork_the_orc
D:5:      old_standard_altar, beetle_altar_2, minmay_temple_entry_grid,
          serial_glass, glass_columns_a, glass_columns_b, uniq_iyjb,
          uniq_duvessa
D:6:      trog_eyes_of_draining, columned_hall_lemuel, serial_bayou_pond_b,
          uniq_pikel, uniq_menkaure
D:8:      hangedman_tree_tricks
Sewer:    sewer_fruit_machine
